 Dungeon Crawl Stone Soup version 0.29-a0-789-g7a8fcbc185 (webtiles) character file.

Game seed: 6540771156127076554

177 MudFish the Trooper (level 5, -3/42 HPs)
             Began as a Demonspawn Abyssal Knight on July 2, 2022.
             Was a Priest of Lugonu.
             Slain by Ijyb
             ... wielding a +0 club
              (4 damage)
             ... on level 4 of the Dungeon.
             The game lasted 00:06:04 (3024 turns).

MudFish the Trooper (Demonspawn Abyssal Knight)     Turns: 3024, Time: 00:06:05

Health: -3/42      AC:  1    Str: 18    XL:     5   Next: 31%
Magic:  7/7        EV: 10    Int: 14    God:    Lugonu [***...]
Gold:   163        SH:  0    Dex: 13    Spells: 4/4 levels left

rFire   . . .      SeeInvis .   j - +2 spear "Killer Klown's Curse" {freeze, Str+5}
rCold   . . .      Faith    .   (no shield)
rNeg    + . .      Spirit   .   q - +0 ring mail {rN+}
rPois   .          Reflect  .   (helmet restricted)
rElec   .          Harm     .   (no cloak)
rCorr   .          Rampage  .   (no gloves)
Will    .....                   (no boots)
Stlth   +.........              c - amulet of the acrobat
HPRegen 0.14/turn               (no ring)
MPRegen 0.10/turn               (no ring)

@: corroded
A: horns 1
a: Renounce Religion, Depart the Abyss, Bend Space, Banish


You were on level 4 of the Dungeon.
You worshipped Lugonu.
Lugonu was most pleased with you.
You visited 1 branch of the dungeon, and saw 4 of its levels.
You visited the Abyss 1 time.

You collected 163 gold pieces.

Inventory:

Hand Weapons
 a - a +1 falchion
 j - the +2 spear "Killer Klown's Curse" (weapon) {freeze, Str+5}
   (You found it on level 2 of the Dungeon)

   It freezes those it strikes, dealing additional cold damage.
   It can also slow down cold-blooded creatures.
   Str:       It affects your strength (+5).
Missiles
 i - 7 poisoned darts
Armour
 b - a +0 leather armour
 g - a +1 pair of gloves
 h - a +1 scale mail
 q - a +0 ring mail of positive energy (worn)
Jewellery
 c - an amulet of the acrobat (around neck)
 o - a ring of protection from fire
Scrolls
 d - a scroll of magic mapping
 e - a scroll of fog
Potions
 f - 2 potions of brilliance
 l - a potion of ambrosia {unknown}
 m - a potion of cancellation
 n - 2 potions of magic
 p - a potion of degeneration {unknown}


   Skills:
 + Level 4.3 Fighting
 - Level 3.0 Long Blades
 * Level 1.3 Polearms
 * Level 2.3 Armour
 - Level 0.8 Dodging
 - Level 3.5 Invocations


You had 4 spell levels left.
You didn't know any spells.
Your spell library contained the following spells:

 Spells                   Type           Power      Damage    Failure   Level
 Beastly Appendage        Tmut           0%         N/A       45%         1
 Wereblood                Tmut           0%         N/A       58%         2
 Spider Form              Tmut/Pois      0%         N/A       83%         3


Dungeon Overview and Level Annotations

Branches:
Dungeon (4/15)
 Temple: D:4-7

Altars:

Shops:
D:2 (

Annotations:
D:4 Ijyb


Innate Abilities, Weirdness & Mutations

You have a pair of small horns on your head.


Message History

You are too injured to fight recklessly!
You feel much better. Ijyb closely misses you.
You barely miss Ijyb.
Ijyb is heavily wounded.
Ijyb barely misses you.
You hit Ijyb but do no damage.
Ijyb is heavily wounded.
Ijyb zaps a wand.
The bolt of acid misses you.
You hit Ijyb. You headbutt Ijyb, but do no damage.
Ijyb is heavily wounded.
Ijyb hits you but does no damage.
You closely miss Ijyb. Your headbutt misses Ijyb.
Ijyb is heavily wounded.
Ijyb hits you with a +0 club.
You barely miss Ijyb.
Ijyb is heavily wounded.
Ijyb zaps a wand.
The bolt of acid misses you.
You barely miss Ijyb.
Ijyb is heavily wounded.
Ijyb hits you with a +0 club.
You hit Ijyb but do no damage.
Ijyb is heavily wounded.
Ijyb zaps a wand.
The bolt of acid hits you!
* * * LOW HITPOINT WARNING * * *
The acid corrodes you!
The now-empty wand crumbles to dust.
You hit Ijyb but do no damage.
Ijyb is heavily wounded.
Ijyb misses you.
You hit Ijyb. Your headbutt misses Ijyb.
Ijyb is severely wounded.
Ijyb hits you with a +0 club.
* * * LOW HITPOINT WARNING * * *
You hit Ijyb but do no damage. You headbutt Ijyb.
Ijyb is almost dead.
Ijyb hits you with a +0 club.
* * * LOW HITPOINT WARNING * * *
You hit Ijyb but do no damage.
Ijyb is almost dead.
Ijyb hits you with a +0 club.
You die...

#.# #.# #.#
#.# #.# #.#
#.#
#<#####.####
#...@g......
#######.####


You could see Ijyb.

Vanquished Creatures
  Jessica (D:2)
  9 adders
  A worm (D:2)
  2 dart slugs
  2 ball pythons
  9 bats
  6 endoplasms
  2 giant cockroaches (D:1)
  3 goblins
  6 hobgoblins
  5 jackals (D:1)
  7 kobolds
  3 quokkas
  4 frilled lizards
  5 rats
65 creatures vanquished.

Notes
Turn   | Place    | Note
-------+----------+-------------------------------------------
     0 | Abyss:1  | MudFish the Demonspawn Abyssal Knight began the quest for
                  | the Orb.
     0 | Abyss:1  | Reached XP level 1. HP: 18/18 MP: 2/2
     5 | Abyss:1  | Found a corrupted altar of Lugonu.
    69 | Abyss:1  | Noticed a small abomination
    70 | D:1      | Escaped the Abyss
   158 | D:1      | Discovered your monstrous ancestry.
   158 | D:1      | Gained mutation: You have a pair of small horns on your
                  | head. [demonic ancestry]
   158 | D:1      | Reached XP level 2. HP: 9/24 MP: 4/4
   632 | D:1      | Reached XP level 3. HP: 23/29 MP: 5/5
   959 | D:1      | Found a faded altar of an unknown god.
  1619 | D:2      | Noticed Jessica
  1633 | D:2      | Killed Jessica
  1634 | D:2      | Reached skill level 4 in Fighting
  1634 | D:2      | Reached XP level 4. HP: 20/37 MP: 6/6
  1656 | D:2      | Identified the +2 spear "Killer Klown's Curse" {freeze,
                  | Str+5}
  1922 | D:2      | Found Zuitad's Antique Weapon Emporium.
  1984 | D:2      | Reached *** piety under Lugonu
  2200 | D:3      | Reached XP level 5. HP: 42/42 MP: 7/7
  2207 | D:3      | Reached skill level 1 in Polearms
  3005 | D:4      | Noticed Ijyb
  3022 | D:4      | HP: 2/42 [Ijyb/+0 club (4)]
  3024 | D:4      | Slain by Ijyb

Illustrated notes

Levels and vault maps discovered:
D:1:      moated_graveyard_arrival, layout_rooms,
          dreamdust_ecumenical_altar_angels_and_demons
D:2:      layout_rooms, serial_shops, shop, uniq_jessica
D:3:      layout_basic
D:4:      nicolae_cairo_tiling_very_big, layout_basic, lemuel_round_altar,
          cheibrodos_sewer_entry_drain, uniq_ijyb

Skill      XL: |  1  2  3  4  5 |
---------------+----------------+-----
Long Blades    | 2 3 |  3.0
Invocations    | 3 |  3.5
Fighting       | 4 |  4.3
Armour         | 2 |  2.3
Polearms       | 1 |  1.3
Dodging        | |  0.8

Action                   |  1- 3 |  4- 6 || total
-------------------------+-------+-------++-------
Melee: Falchion          |   106 |     2 ||   108
       Headbutt          |     8 |    12 ||    20
       Spear             |       |    95 ||    95
       Punch             |       |     1 ||     1
Invok: Depart the Abyss  |     1 |       ||     1
  Use: Scroll            |     5 |     7 ||    12
       Potion            |     3 |     1 ||     4
Armor: Leather armour    |    10 |       ||    10
       Scale mail        |    50 |    22 ||    72
       Ring mail         |       |     1 ||     1
Dodge: Dodged            |    71 |    48 ||   119

Table legend: (Time is in decaauts)
 A = Elapsed time spent in this place.
 B = Non-inter-level travel time spent in this place.
 C = Inter-level travel time spent in this place.
 D = Time resting spent in this place.
 E = Time spent auto-exploring this place.
 F = Levels seen in this place.
 G = Mean time per level.
                   A        B        C        D        E       F      G
               +--------+--------+--------+--------+--------+-----+--------+
         Total |   3046 |   2973 |     73 |    588 |   1852 |   5 |  609.2 |
       Dungeon |   2975 |   2902 |     73 |    588 |   1784 |   4 |  743.8 |
         Abyss |     71 |     71 |      0 |      0 |     68 |   1 |   71.0 |
               +--------+--------+--------+--------+--------+-----+--------+

Top non-repeatable levels by time:
     D:2: 1114 daAuts
     D:1: 1022 daAuts
     D:3: 818 daAuts
 Abyss:1: 71 daAuts
     D:4: 19 daAuts
